Cogmind - Beta 13 @@@ ROGUE MODE // 2024.03.21 @ 23:42:13 Player: darki Result: Destroyed by Piercing Trap Performance ------------- Evolutions (0) 0 Regions Visited (3) 600 Robots Destroyed (28) 140 Value Destroyed (812) 812 Prototype IDs (0) 0 Alien Tech Used (0) 0 Bonus (1) 1 TOTAL SCORE: 1553 Bonus ------- Follower Combat Kills 14 Friendly Fire -13 Cogmind --------- Core Integrity 0/250 Matter 300/300 Energy 198/200 System Corruption 0% Temperature Cool (0) Movement Rolling (107) Ox1 Location -10/Subcaves Parts ------- > --- POWER (1) -------- Subdweller Power Source > --- PROPULSION (2) --- Wheel Subdweller Monowheel > --- UTILITY (2) ------ Large Storage Unit Structural Scanner > --- WEAPON (2) ------- Subdweller Machine Gun Subdweller Machine Gun > --- INVENTORY (15) --- Subdweller Power Source Cobbler Unit EM Pulse Gun EM Pulse Gun EM Pulse Gun EM Pulse Gun Subdweller Laser Subdweller Machine Gun Makeshift Shrapnel Gun Grenade Launcher Rocket Launcher Mining Laser Makeshift Spear Shrapnel Trap Peak State ------------ > --- POWER ------------ Subdweller Power Source > --- PROPULSION ------- Light Treads Spiked Treads > --- UTILITY ---------- Large Storage Unit Structural Scanner > --- WEAPON ----------- Subdweller Machine Gun Barrage Gun > --- INVENTORY -------- Light Treads Light Treads EM Pulse Gun EM Pulse Gun EM Pulse Gun EM Pulse Gun Grenade Launcher Rocket Launcher Mining Laser Makeshift Spear [Rating: 13] Favorites ----------- Power Light Ion Engine Engine Light Ion Engine Power Core Light Nuclear Core Propulsion Light Treads Treads Light Treads Leg Aluminum Leg Wheel Subdweller Monowheel Utility Large Storage Unit Device Structural Scanner Storage Large Storage Unit Protection Light Armor Plating Weapon Medium Laser Energy Gun Medium Laser Ballistic Gun Subdweller Machine Gun Launcher Grenade Launcher Special Weapon Mining Laser Piercing Weapon Makeshift Spear Build | -11 -10 -10 -10 ------- Run | Yrd Mat Min Sub Slots Evolved . | . . . . Power . | . . . . Propulsion . | . . . . Utility . | . . . . Weapon . | . . . . Parts Attached 39 | . 6 13 20 Power 6 | . 1 2 3 Engine 5 | . . 2 3 Core 1 | . 1 . . Reactor . | . . . . Propulsion 9 | . . 3 6 Treads 6 | . . 3 3 Leg . | . . . . Wheel 3 | . . . 3 Hover . | . . . . Flight . | . . . . Utility 3 | . 1 2 . Device 1 | . . 1 . Storage 1 | . 1 . . Processor . | . . . . Hackware . | . . . . Protection 1 | . . 1 . Artifact . | . . . . Weapon 21 | . 4 6 11 Energy Gun 7 | . 2 4 1 Energy Cannon . | . . . . Ballistic Gun 7 | . . . 7 Ballistic Cannon . | . . . . Launcher 4 | . 2 2 . Special Weapon 1 | . . . 1 Impact Weapon . | . . . . Slashing Weapon . | . . . . Piercing Weapon 2 | . . . 2 Special Melee Weapon . | . . . . Unidentified Prototypes . | . . . . Parts Lost 11 | . . 6 5 Power 2 | . . 2 . Propulsion 5 | . . 1 4 Utility 1 | . . 1 . Weapon 3 | . . 2 1 Highest Loss Streak 3 | . . 3 2 To Critical Strikes . | . . . . Average Slot Usage (%) 93 | . 94 97 91 Engine 7 | . 10 3 8 Core 3 | . 3 7 . Treads 16 | . . 13 23 Leg 9 | . 28 14 . Device 9 | . . 5 14 Storage 17 | . 22 21 14 Energy Gun 13 | . 26 23 3 Ballistic Gun 11 | . . . 22 Launcher 1 | . 1 4 . Naked Turns . | . . . . Heaviest Build 34 | 12 34 34 34 Greatest Support 40 | 20 20 40 40 Greatest Overweight (x) 11 | . 1 1 11 Average Overweight (x) . | . . . . Largest Inventory Capacity 15 | . 15 15 15 Average Capacity 14 | . 12 15 15 Most Carried 15 | . 15 15 15 Average Carried 10 | . 8 13 10 Final Capacity 15 | 8 15 15 15 Final Carried 15 | 6 14 9 15 Class Distribution -------------------- 97% | Mutant Dominant Class ---------------- Mutant | -10/Materials Mutant | -10/Mines Mutant | -10/Subcaves Resources | -11 -10 -10 -10 ----------- Run | Yrd Mat Min Sub Matter Collected 884 | 200 85 154 445 Remotely . | . . . . Salvage Created 929 | . 334 198 397 Parts 56 | . 16 9 31 Haulers Intercepted 2 | . 2 . . Recyclers Shooed 2 | . 2 . . Parts Field Recycled . | . . . . Retrieved Matter . | . . . . Parts Self-Destructed 19 | . . . 19 Prevented . | . . . . Kills | -11 -10 -10 -10 ------- Run | Yrd Mat Min Sub Combat Hostiles Destroyed 25 | . 6 6 13 Melee 1 | . . . 1 Guns 20 | . 4 4 12 AOE 4 | . 2 2 . Classes Destroyed 10 | . 4 5 1 Hauler 2 | . 2 . . Recycler 1 | . . 1 . Operator 1 | . 1 . . Watcher 1 | . 1 . . Swarmer 5 | . . 1 4 Grunt 6 | . 6 . . Sentry 2 | . . 2 . Demolisher 1 | . . 1 . Subdweller 9 | . . . 9 Assembled 2 | . . 2 . Best Kill Streak 3 | . 3 2 3 Combat Bots Only 3 | . 3 2 3 Max Kills in Single Turn 2 | . 2 2 1 Gunslinging . | . . . . Exploded 2 | . 1 2 . Melee 1 | . . . 1 Uniques/NPCs Destroyed . | . . . . Combat | -11 -10 -10 -10 -------- Run | Yrd Mat Min Sub Hostile Shots Fired 156 | . 20 42 94 Missed 42 | . 8 6 28 Damage Taken 2035 | . 153 795 1087 Core 260 | . 11 90 159 Absorbed by Shields . | . . . . Core Remaining (%) 100 | 100 . . . Volleys Fired 119 | . 32 25 62 Largest 2 | . 2 2 2 Hottest 100 | . 100 100 100 Shots Fired 222 | . 64 47 111 Gun 207 | . 59 40 108 Cannon . | . . . . Launcher 12 | . 5 7 . Special 3 | . . . 3 Kinetic 84 | . . . 84 Thermal 126 | . 59 40 27 Explosive 12 | . 5 7 . Electromagnetic . | . . . . Robot Hit Streak 22 | . 6 7 22 Robot Miss Streak 4 | . 2 4 3 Penetration Max . | . . . . Secondary Targets 1 | . . . 1 Max Gunslinging Chain 1 | . . . 1 Shots Hit Robots 133 | . 39 20 74 Core Hits 53 | . 21 12 20 Critical Kills . | . . . . Critical Parts Destroyed . | . . . . Critical Strikes 6 | . 4 . 2 Burn 4 | . 4 . . Destroy 1 | . . . 1 Impale 1 | . . . 1 Melee Attacks 8 | . . . 8 Impact . | . . . . Slashing . | . . . . Piercing 8 | . . . 8 Sneak Attacks . | . . . . Combat Hostiles . | . . . . Follow-up Attacks . | . . . . Damage Inflicted 2424 | . 651 347 1426 Guns 2049 | . 426 253 1370 Cannons . | . . . . Explosions 319 | . 225 94 . Melee 56 | . . . 56 Ramming . | . . . . Kinetic 1144 | . . . 1144 Thermal 905 | . 426 253 226 Explosive 319 | . 225 94 . Electromagnetic . | . . . . Impact . | . . . . Slashing . | . . . . Piercing 56 | . . . 56 Highest Corruption . | . . . . Average Corruption . | . . . . Corruption Purged . | . . . . Corruption Blocked . | . . . . Overload Shots . | . . . . Overflow Damage 21 | . . 7 14 Projectiles . | . . . . Explosions 7 | . . 7 . Melee 14 | . . . 14 Knockbacks . | . . . . Impact . | . . . . Kinetic . | . . . . Secondary . | . . . . Self-Inflicted Damage 24 | . . 24 . Shots 2 | . . 2 . Rammed . | . . . . Targets Rammed . | . . . . Kicked . | . . . . Crushed . | . . . . Highest Temperature 336 | . 336 261 2 Average Temperature 77 | . 74 86 1 Received Heat Transfer 354 | . 105 51 198 Effects 1 | . 1 . . Interference 1 | . 1 . . Siege Activations . | . . . . Robots Corrupted . | . . . . Combat Hostiles . | . . . . Parts Fried . | . . . . Impact Corruptions . | . . . . Robots Melted . | . . . . Combat Hostiles . | . . . . Parts Melted 5 | . 3 1 1 Heat Transferred 2960 | . 1554 740 666 Parts Sabotaged . | . . . . Parts Stolen . | . . . . Parts Stripped . | . . . . Power Chain Reactions . | . . . . Alert | -11 -10 -10 -10 ------- Run | Yrd Mat Min Sub Peak Influence 162 | . 162 81 . Initial 51 | . . 51 . Average 56 | . 92 38 . Maximum Alert Level . | . . . . Low Security (%) 100 | . 100 100 . Level 1 . | . . . . Level 2 . | . . . . Level 3 . | . . . . Level 4 . | . . . . Level 5 . | . . . . High Security . | . . . . Max Security . | . . . . Squads Dispatched 3 | . 3 . . Investigation 2 | . 2 . . Extermination . | . . . . Reinforcement 1 | . 1 . . Assault . | . . . . Garrison . | . . . . Intercept . | . . . . Searches Triggered . | . . . . Construction Impeded . | . . . . Haulers Reinforced . | . . . . Active Scanning Responses . | . . . . Cargo Convoy Interrupts . | . . . . Stealth | -11 -10 -10 -10 --------- Run | Yrd Mat Min Sub Distress Signals 2 | . 2 . . Communications Jammed . | . . . . Distress Signals . | . . . . Times Spotted 45 | . 13 8 24 Peak Tracking Total 6 | . 4 3 6 Tactical Retreats 4 | . 2 . 2 Traps | -11 -10 -10 -10 ------- Run | Yrd Mat Min Sub Traps Triggered 3 | . 2 . 1 Indirectly . | . . . . Trap Hack Attempts . | . . . . Triggered . | . . . . Disarmed . | . . . . Reprogrammed . | . . . . Reused . | . . . . Traps Extracted . | . . . . Installed . | . . . . Triggered . | . . . . Most Traps Carried 1 | . . . 1 Machines | -11 -10 -10 -10 ---------- Run | Yrd Mat Min Sub Machines Disabled . | . . . . Max in Single Turn . | . . . . Machines Repaired . | . . . . Machines Dismantled . | . . . . Machines Sabotaged . | . . . . Overloaded Fab Kills . | . . . . Hacking | -11 -10 -10 -10 --------- Run | Yrd Mat Min Sub Machines Accessed 1 | . . . 1 Terminals . | . . . . Fabricators . | . . . . Repair Stations . | . . . . Recycling Units . | . . . . Scanalyzers . | . . . . Garrison Access . | . . . . Total Hacks 2 | . . . 2 Successful 2 | . . . 2 Failed . | . . . . Catastrophic . | . . . . Database Lockouts . | . . . . Manual . | . . . . Terminals . | . . . . Fabricators . | . . . . Repair Stations . | . . . . Recycling Units . | . . . . Scanalyzers . | . . . . Garrison Access . | . . . . Terminal Hacks 2 | . . . 2 Record 2 | . . . 2 Fabricator Hacks . | . . . . Repair Station Hacks . | . . . . Recycling Unit Hacks . | . . . . Scanalyzer . | . . . . Garrison Access Hacks . | . . . . Unauthorized Hacks . | . . . . Terminals . | . . . . Fabricators . | . . . . Repair Stations . | . . . . Recycling Units . | . . . . Scanalyzers . | . . . . Garrison Access . | . . . . Data Cores Recovered . | . . . . Used . | . . . . Hacking Detections . | . . . . Full Trace Events . | . . . . Feedback Events . | . . . . Feedback Blocked . | . . . . Robot Schematics Acquired . | . . . . Robots Built . | . . . . Authchips . | . . . . Time . | . . . . Total Robot Build Rating . | . . . . Part Schematics Acquired . | . . . . Parts Built . | . . . . Authchips . | . . . . Time . | . . . . Total Part Build Rating . | . . . . Parts Repaired . | . . . . Time . | . . . . Parts Recycled . | . . . . Recycled Matter . | . . . . Retrieved Matter . | . . . . Retrieved Components . | . . . . Parts Scanalyzed . | . . . . Part Schematics Acquired . | . . . . Parts Damaged . | . . . . Bothacking | -11 -10 -10 -10 ------------ Run | Yrd Mat Min Sub Used RIF Installer . | . . . . Robots Hacked . | . . . . Non-combat . | . . . . Combat . | . . . . Robot Hacks Applied . | . . . . Relay Couplers Released . | . . . . Fabnet Peak Effective % . | . . . . Robots Rewired . | . . . . Allies Hacked . | . . . . Hacks Repelled . | . . . . Allies | -11 -10 -10 -10 -------- Run | Yrd Mat Min Sub Total Allies 3 | . . 3 . Largest Group 3 | . . 3 . Highest-Rated Group 40 | . . 40 . Highest-Rated Ally 16 | . . 16 . Total Orders . | . . . . Ally Attacks 10 | . . 10 . Total Damage 115 | . . 115 . Kills 3 | . . 3 . Allies Corrupted . | . . . . Allies Melted . | . . . . Intel | -11 -10 -10 -10 ------- Run | Yrd Mat Min Sub Robot Analysis Total . | . . . . Derelict Logs Recovered 2 | . . 1 1 Drone Launches . | . . . . Drone Recoveries . | . . . . Exploration | -11 -10 -10 -10 ------------- Run | Yrd Mat Min Sub Turns Passed 4513 | . 746 1459 2308 Spaces Moved 2346 | 1 339 767 1239 Core 26 | . . . 26 Treads 1448 | . . 405 1043 Legs 702 | 1 339 362 . Wheels 170 | . . . 170 Hover . | . . . . Flight . | . . . . Fastest Speed 107 | 120 120 160 107 Average Speed 166 | 120 162 174 162 Slowest Speed 600 | 120 190 240 600 Overloaded Moves . | . . . . Propulsion Burnouts . | . . . . Robots Hopped . | . . . . Cave-ins Triggered . | . . . . Exploration Rate (%) 57 | 2 53 99 77 Regions Visited 3 Branch Regions 2 Pre-discovered Areas 1 | . . 1 . Known Exits Taken . | . . . . Unknown Exits Taken 3 | 1 1 1 . Scrap Searched 4 | . . 1 3 Spaces Dug 17 | . 7 9 1 Terrain Destroyed 80 | . 37 42 1 Melee 1 | . . . 1 Projectile . | . . . . AOE 79 | . 37 42 . Terrain Rammed . | . . . . Walls Destroyed . | . . . . Machines Disabled . | . . . . Actions | -11 -10 -10 -10 --------- Run | Yrd Mat Min Sub Total 2710 | . 471 840 1399 Wait 172 | . 83 32 57 Move 2343 | . 338 766 1239 Hop . | . . . . Pick Up 16 | . 9 1 6 Fast Attach 13 | . 1 3 9 Attach 10 | . 1 6 3 Detach 1 | . 1 . . Swap 16 | . 4 4 8 Drop 12 | . 2 3 7 Fire 119 | . 32 25 62 Melee 8 | . . . 8 Ram . | . . . . Kick . | . . . . Crush . | . . . . Escape Stasis . | . . . . Rewire . | . . . . Trap . | . . . . Miscellaneous . | . . . . Route ------- -11/Scrapyard -10/Materials (discovered 2 exits: [*Mat] / [*Min]) -10/Mines (discovered 4 exits: [*Mat x2] / [*Exi] / *Sub) -10/Subcaves (discovered 3 exits: [*Mat x2] / [*Rec]) History --------- Turn | Location | Event 1 | -11/Scrapyard | Discovered new exit (range 0) 1 | -11/Scrapyard | Entered Materials 303 | -10/Materials | Build established: Mutant 446 | -10/Materials | Discovered new exit (range 7) 511 | -10/Materials | Discovered new exit (range 8) 747 | -10/Materials | Entered Mines 778 | -10/Mines | Discovered new exit (range 9) 791 | -10/Mines | Learned location of Mines (-9) 861 | -10/Mines | Assisted by bots powering up and referring to "LRC-V3" 1109 | -10/Mines | Received a Rocket Launcher from a helpful Derelict 1381 | -10/Mines | Assembled infested the area 1425 | -10/Mines | Lost 3 allies 1431 | -10/Mines | Discovered new exit (range 3) 1587 | -10/Mines | Lost 3 parts (1p1u1w) 1640 | -10/Mines | Deemed a non-threat by the Exiles lab entrance 1640 | -10/Mines | Discovered new exit (range 5) 1981 | -10/Mines | Lost 3 parts (1p1n1w) 2163 | -10/Mines | Discovered new exit (range 9) 2206 | -10/Mines | Entered Subcaves 2656 | -10/Subcaves | Core integrity fell below 50% 2762 | -10/Subcaves | Discovered new exit (range 10) 2793 | -10/Subcaves | Core integrity fell below 20% 2860 | -10/Subcaves | A swath of the cavern ceiling suddenly collapsed 3022 | -10/Subcaves | Visited Clippyterm 3149 | -10/Subcaves | A swath of the cavern ceiling suddenly collapsed 3580 | -10/Subcaves | Discovered new exit (range 14) 3606 | -10/Subcaves | Disturbed a concealed Subdweller 3750 | -10/Subcaves | Shifting Twisted Machinery released Mak. Shrapnel Gun 3813 | -10/Subcaves | Discovered new exit (range 11) 3815 | -10/Subcaves | Learned Materials emergency access door positions 3836 | -10/Subcaves | Shifting Twisted Machinery released Battle Cannon 4202 | -10/Subcaves | Shifting Twisted Machinery released Battle Cannon 4253 | -10/Subcaves | Shifting Twisted Machinery released Shrapnel Trap 4471 | -10/Subcaves | Shifting Twisted Machinery released Sub. Monowheel 4514 | -10/Subcaves | Destroyed by Piercing Trap Last Messages --------------- Battle Cannon falls loose from the Twisted Machinery. 04239_ Acquired 12 matter. Shrapnel Trap falls loose from the Twisted Machinery. 04270_ Acquired Shrapnel Trap. 04277_ Sub. Monowheel shoots sparks and powers down. 04278_ Dropped Broken Sub. Monowheel. 04405_ Acquired 4 matter. 04423_ Acquired Wheel. 04427_ Acquired Sub. Monowheel. 04433_ Acquired Sub. Power Source. 04435_ Acquired 20 matter. 04451_ Acquired Mak. Shrapnel Gun. Sub. Monowheel falls loose from the Twisted Machinery. 04514_ Triggered Piercing Trap. 04514_ Spikes shoot up from the floor. 04514_ Critical hit (Impale). Map ----- +----------------------------------------------------+ | ?????????????????????????????????????????????????? | | ?????????????????????????????????????????????????? | | ?????????????????????????????????????????????????? | | ?????????????????????????????????????????????????? | | ?????????????????????????????????????????????????? | | ?????????????????????????????????????????????????? | | ?????????????????????????????????????????????????? | | ?????????????????????????????????????????????????? | | ?????????????????????????????????????????????????? | | ?????????????????????????????????????????????????? | | ?????????????????????????????????????????????????? | | ?????????????????????????????????????????????????? | | ?????????????????????????????????????????????????? | | ?????????????????????????????????????????????????? | | ??????????????????????????????????????????????## | | ??????????????????????????????????####?????##### | | ????????????????????????????##########???###### | | ???????????????#################### ##??#### | | ??????????????################ ### ###### | | ?????????????? ## # # # ### ###### | | ??????????????# ##### ? | | ?????????????????? ^ #### ##???? | | ???????????????????? # # ###???? | | ??????????????????##### ##????? | | ??????????????????####^ ######? | | ??????????????????## @## ## ## ####### | | ??????????????????### ####### ##### ## ### | | ??????????????????#################### # | | ???????????????????#######????######## | | ???????????????????????????????????## | | ???????????????????????????????????## | | ???????????????????????????????????## | | ???????????????????????????????????### ##### | | ???????????????????????????????????### ###### | | ????????????????????????????????????### ###### | | ????????????????????????????????????### ###### | | ????????????????????????????????????## | | ????????????????????????????????????## | | #???????????????????????????????????## | | #####??????????????????????????????###### ]= | | #####??????????????????????????####### ### #""% ## | | ##???????###########????????###### ###"%"%## | | ##??????#############???????## ### ="[## | | ##??????### ####???##### !*[" "" " ## | | ##??????## ####?#######=%""" """"# | | #######?## ###### ###%"#""# """" " | | ########### #" #### #"&"##=%! #" "# | | ### ###?#### #" ## # ##/# """### | | ##???## ## ## ##"" # "## | | ##???## ##" ""## ####"" | +----------------------------------------------------+ Best States ------------- Heat Dissipation 25 Energy Generation 15 Energy Capacity 200 Matter Stores 300 Matter Capacity 300 Sight Range 16 Terrain Scan Density 10 Armor Coverage 150 Evasion (%) 55 Recoil Reduction 2 Item Schematics ----------------- None Robot Schematics ------------------ None Fabricated ------------ Nothing Alien Tech Used ----------------- None Achievements -------------- None Challenges ------------ None Game ------ Seed StasisMetaFacilitator Manual? 0 Play Time 00:22:26 Cumulative 173.0 hours Start 2024.03.21 @ 23:24:08 End 2024.03.21 @ 23:42:13 Sessions 1 Manual Loads 0 Difficulty Rogue Special Mode None Game No. 183 Rogue 183 Adventurer 0 Explorer 0 Win Type - Total 1 Types 1/0/0/0/0/0/0/0/0 Lore% 56 Gallery% 73 Achievement% 57 Wizard Run 0 Options --------- Layout 1 ASCII 0 Keyboard 0 Movement Numpad Keybinds 0 Fullscreen 1 Font 24/Smallcaps Map View 50x35 Zoom Use 0% Tactical HUD 1 Map Filters NONE Filters NONE Steam 1 RUN: fb2b380c-1402-4658-83c7-5e2dda0a063d